 Dungeon Crawl Stone Soup version 0.24.0-3-g28a8eb0610 (console) character file.

Game seed: 15919822003545355104, levelgen mode: deterministic

38007 AlterAsc the Cleaver (level 14, -8/90 HPs)
             Began as a Gargoyle Fighter on Nov 1, 2019.
             Was a High Priest of Ashenzari.
             Mangled by Rupert
             ... wielding a +4 great mace of protection
              (28 damage)
             ... on level 5 of the Lair of Beasts.
             The game lasted 01:03:53 (15940 turns).

AlterAsc the Cleaver (Gargoyle Fighter)            Turns: 15940, Time: 01:03:54

Health: -8/90      AC: 36    Str: 26    XL:     14   Next: 0%
Magic:  14/14      EV:  8    Int:  8    God:    Ashenzari [*****.]
Gold:   1032       SH: 14    Dex: 13    Spells: 13/13 levels left

rFire    . . .     SeeInvis +   a - +2 war axe (chop)
rCold    + + .     Gourm    .   c - +0 shield (curse)
rNeg     + . .     Faith    .   D - +2 crystal plate armour {rC+}
rPois    ∞         Spirit   .   M - +0 mask of the Dragon {MR+ Slay+3 SInv}
rElec    +         Reflect  .   E - +0 cloak
rCorr    .         Harm     .   (no gloves)
MR       ++...     Clarity  +   e - +0 pair of boots (curse)
Stlth    ..........             (no amulet)
HPRegen  0.25/turn              J - +4 ring of dexterity
MPRegen  0.14/turn              I - ring of protection from cold

@: about to teleport
A: big wings, negative energy resistance 1, electricity resistance, unbreathing,
petrification resistance, rot immunity, AC +10
a: Fly, Curse Item, Scrying, Transfer Knowledge, Renounce Religion


You were on level 5 of the Lair of Beasts.
You worshipped Ashenzari.
Ashenzari was extremely pleased with you.
You were not hungry.

You visited 2 branches of the dungeon, and saw 16 of its levels.
You also visited: Ossuary, Bailey and Ice Cave.

You collected 1032 gold pieces.

Inventory:

Hand Weapons
 a - a +2 war axe of chopping (weapon)
 b - a +1 scimitar of flaming
 t - a +2 demon whip of pain
 G - the +6 mace "Jelly's Nightmare" {chaos, rN++ Int-5}
   (You found it on level 6 of the Dungeon)

   Each time it hits an enemy it has a different, random effect.
   It affects your intelligence (-5).
   It greatly protects you from negative energy.
 W - a +0 executioner's axe of freezing
Armour
 c - a cursed +0 shield (worn)
 e - a cursed +0 pair of boots (worn)
 D - a +2 crystal plate armour of cold resistance (worn)
 E - a +0 cloak (worn)
 M - the +0 mask of the Dragon (worn) {MR+ Slay+3 SInv}
   (You found it on level 8 of the Dungeon)

   It affects your accuracy and damage with ranged weapons and melee attacks
   (+3).
   It affects your resistance to hostile enchantments.
   It lets you see invisible.
Jewellery
 s - an uncursed ring of resist corrosion
 I - a ring of protection from cold (right hand)
 J - a +4 ring of dexterity (left hand)
Wands
 d - a wand of scattershot (5)
 h - a wand of flame (15)
 l - a wand of clouds (5)
 o - a wand of iceblast (26)
 p - a wand of paralysis (13)
 C - a wand of digging (6)
 H - a wand of acid (7)
 Q - a wand of disintegration (15)
Scrolls
 j - a scroll of acquirement {unknown}
 k - 3 scrolls of fog
 m - 7 scrolls of teleportation
 n - 3 scrolls of amnesia
 q - a scroll of brand weapon
 w - a scroll of noise {unknown}
 y - 3 scrolls of enchant weapon
 A - 2 scrolls of magic mapping
 B - a scroll of random uselessness {unknown}
 L - 2 scrolls of immolation {unknown}
 N - 3 scrolls of blinking {unknown}
 O - 6 scrolls of identify
 S - a scroll of fear {unknown}
 Z - a scroll of remove curse
Potions
 g - a potion of curing
 i - a potion of mutation {unknown}
 r - 4 potions of agility
 v - 2 potions of resistance {unknown}
 x - a potion of flight {unknown}
 z - 2 potions of cancellation
 F - a potion of magic {unknown}
 K - 2 potions of berserk rage {unknown}
 P - a potion of ambrosia {unknown}
 V - 2 potions of haste {unknown}
 X - 2 potions of heal wounds {unknown}
Comestibles
 f - 37 rations


   Skills:
 + Level 11.4 Fighting
 * Level 12.5(12.7) Axes
 - Level 4.0(9.8) Maces & Flails
 + Level 11.5 Armour
 - Level 6.2 Dodging
 + Level 11.4(13.8) Shields


You had 13 spell levels left.
You didn't know any spells.
Your spell library contained the following spells:

 Spells                   Type           Power        Failure   Level  Hunger
 Confusing Touch          Hex            #.....       100%        1    ##.....
 Freeze                   Ice            #...         100%        1    ##.....
 Throw Frost              Conj/Ice       #.....       100%        2    ###....
 Confuse                  Hex            #.......     100%        3    ####...
 Gell's Gravitas          Tloc           #.........   100%        3    ####...
 Ignite Poison            Fire/Tmut/Pois #.......     100%        3    ####...
 Ozocubu's Armour         Chrm/Ice       #.......     100%        3    ####...
 Petrify                  Tmut/Erth      #.......     100%        4    #####..
 Summon Ice Beast         Ice/Summ       #.......     100%        4    #####..
 Throw Icicle             Conj/Ice       #.......     100%        4    #####..
 Fireball                 Conj/Fire      #.........   100%        5    ######.
 Metabolic Englaciation   Hex/Ice        #.........   100%        5    ######.
 Yara's Violent Unravell  Hex/Tmut       #.........   100%        5    ######.
 Bolt of Fire             Conj/Fire      #.........   100%        6    #######
 Ring of Flames           Chrm/Fire      #.........   100%        7    #######
 Ignition                 Fire           #.........   100%        8    #######


Dungeon Overview and Level Annotations

Branches:
Dungeon (11/15)            Temple (0/1) D:7            Lair (5/6) D:8
  Swamp (0/4) Lair:4       Spider (0/4) Lair:2      Ossuary (visited)
 Bailey (visited)           IceCv (visited)
  Slime: Lair:5-6       Orc: D:9-12

Altars:
Ashenzari
Cheibriados
Dithmenos
Elyvilon
Gozag
Okawaru
Qazlal
Ru
Uskayaw
Vehumet
Wu Jian
Yredelemnul
The Shining One

Shops:
D:5 !

Annotations:
D:4 3 runed translucent doors, losten's ghost, novice DsBe
Lair:5 2 runed translucent doors, Darubir's ghost, journeyman CeAM; Rupert


Innate Abilities, Weirdness & Mutations

You are resistant to torment.
Your stone body is resilient. (AC +10)
You are immune to poison.
Your large and strong wings let you fly indefinitely.
You resist negative energy. (rN+)
You are resistant to electric shocks. (rElec)
You can survive without breathing.
You are immune to petrification.
You are immune to rotting.


Message History

Rupert hits you but does no damage.
You closely miss Rupert.
Rupert is lightly wounded.
You block Rupert's attack.
You slice Rupert!!
Rupert is lightly wounded.
Rupert barely misses you.
You hit Rupert but do no damage.
Rupert is lightly wounded.
You block Rupert's attack.
You slash Rupert!
Rupert is moderately wounded.
You hit the blink frog.
Rupert hits you with a +4 great mace of protection!!
* * * LOW HITPOINT WARNING * * *
The blink frog blinks!
You block the blink frog's attack.
As you read the scroll of teleportation, it crumbles to dust.
You feel strangely unstable.
The blink frog blinks!
Rupert hits you with a +4 great mace of protection!!
You die...

*,*
###......#.###......##...+.
, ,
,*....F....F#.........+...P
,,
.......#.............P....
, , , ,
.##...........##...P ,,, ,
, ............#*P.... ,, .,
,,...........###..# ,,,,,,
... #.###.........##* * ,
,.....##§#........PP##### ,
, ...F.§@@†...............
, ...###†#.##..###......##
* ,, * ######### #P..##.P#
* *** #########


You could see Rupert (berserk) and 2 blink frogs.

Vanquished Creatures
  A reaper (IceCv)
  Josephine (D:10)
  5 hydras
  Erica (D:8)
  A catoblepas (Lair:4)
  2 two-headed ogres (D:11)
  2 unseen horrors
  A lindwurm (Lair:5)
  An orc knight (Bailey)
  Pikel (D:8)
  2 ice statues (IceCv)
  Psyche (D:8)
  8 spiny frogs
  A rime drake (Lair:3)
  4 komodo dragons
  A freezing wraith (D:9)
  14 ice devils
  Prince Ribbit (D:8)
  A hornet (D:11)
  A troll (D:10)
  A bog body (Lair:4)
  6 hippogriffs
  14 blink frogs
  5 wyverns
  A redback (Lair:2)
  5 wraiths (D:10)
  Grum (D:9)
  2 basilisks
  22 yaks
  4 soldier ants
  3 porcupines (Lair:3)
  6 water moccasins
  10 orc warriors
  2 sky beasts
  A black bear (D:9)
  2 eyes of draining (D:9)
  2 necrophages (D:9)
  4 ice beasts
  7 ogres
  A phantom (D:8)
  4 centaurs
  12 wolves
  9 crocodiles
  3 elf zombies (Ossuary)
  3 big kobolds
  12 bullfrogs
  2 wyvern zombies
  A wyvern skeleton (D:11)
  2 scorpions
  5 killer bees (D:9)
  13 wights
  3 electric eels (D:11)
  A howler monkey (D:11)
  2 crimson imps
  3 quasits
  A human zombie (Ossuary)
  2 centaur skeletons
  Crazy Yiuf (D:5)
  A bullfrog skeleton (D:11)
  2 orc priests
  4 hounds
  6 jellies
  10 orc wizards
  Ijyb (D:5)
  7 iguanas
  10 worker ants
  A big kobold zombie (Ossuary)
  3 mummies
  2 worker ant zombies
  A gnoll (Bailey)
  A howler monkey skeleton (D:8)
  14 adders
  A shadow imp (D:6)
  5 white imps (IceCv)
  5 ufetubi (IceCv)
  2 adder zombies (Ossuary)
  2 worms
  4 dart slugs
  5 leopard geckos
  44 orcs
  6 giant cockroaches
  4 goblins
  14 hobgoblins
  18 jackals
  7 quokkas
  6 ball pythons
  4 bats
  2 frilled lizards (D:2)
  3 goblin zombies (Ossuary)
  8 hobgoblin zombies (Ossuary)
  A jackal zombie (Ossuary)
  20 kobolds
  12 kobold zombies (Ossuary)
  4 orc zombies (Ossuary)
  2 quokka skeletons (D:4)
  A quokka zombie (D:7)
  7 rats
  A rat zombie (Ossuary)
  2 fungi
481 creatures vanquished.

Vanquished Creatures (others)
  A spiny frog (Lair:4)
  A big kobold (D:8)
  A white imp (IceCv)
  8 ufetubi (IceCv)
  A kobold (D:8)
12 creatures vanquished.

Grand Total: 493 creatures vanquished

Notes
Turn   | Place    | Note
-------+----------+-------------------------------------------
     0 | D:1      | AlterAsc the Gargoyle Fighter began the quest for the Orb.
     0 | D:1      | Reached XP level 1. HP: 14/14 MP: 1/1
   113 | D:1      | Reached XP level 2. HP: 17/19 MP: 2/2
   898 | D:2      | Reached XP level 3. HP: 23/23 MP: 3/3
  1068 | D:2      | Found a radiant altar of Vehumet.
  1665 | D:3      | Reached XP level 4. HP: 29/29 MP: 4/4
  1704 | D:3      | Found a shadowy altar of Dithmenos.
  2106 | D:3      | Reached skill level 1 in Dodging
  2233 | D:3      | Reached XP level 5. HP: 33/33 MP: 5/5
  2717 | D:4      | Noticed an ogre
  3169 | D:4      | Killed an ogre
  3169 | D:4      | Reached XP level 6. HP: 16/38 MP: 6/6
  3390 | D:4      | Noticed losten's ghost (novice DsBe)
  3391 | D:4      | Found a runed translucent gate.
  3395 | D:4      | Found a runed translucent gate.
  3395 | D:4      | Found a runed translucent gate.
  3560 | D:4      | Found an opulent altar of Gozag.
  3926 | D:4      | Reached skill level 1 in Axes
  4009 | D:5      | Entered Level 5 of the Dungeon
  4018 | D:5      | Found a shattered altar of Ashenzari.
  4028 | D:5      | Became a worshipper of Ashenzari the Shackled
  4120 | D:5      | Found a runed translucent door.
  4121 | D:5      | Noticed Crazy Yiuf
  4247 | D:5      | Reached XP level 7. HP: 44/44 MP: 7/7
  4257 | D:5      | Noticed Ijyb
  4266 | D:5      | Killed Ijyb
  4278 | D:5      | Found Zaghinn's Distillery.
  4367 | D:5      | Reached skill level 2 in Axes
  4367 | D:5      | Reached skill level 5 in Shields
  4397 | D:5      | Reached skill level 5 in Armour
  4427 | D:5      | Found a sand-covered staircase.
  4435 | Ossuary  | Entered an ossuary
  4552 | Ossuary  | Reached skill level 5 in Fighting
  4577 | Ossuary  | Reached XP level 8. HP: 44/49 MP: 8/8
  4616 | Ossuary  | Reached skill level 3 in Axes
  4739 | D:5      | Found a white marble altar of Elyvilon.
  5247 | D:5      | Killed Crazy Yiuf
  5391 | D:6      | Found a stormy altar of Qazlal.
  5407 | D:6      | Reached skill level 4 in Axes
  5513 | D:6      | Found a glowing golden altar of the Shining One.
  5615 | D:6      | Identified the +6 mace "Jelly's Nightmare" {chaos, rN++
                  | Int-5}
  5615 | D:6      | Found a basalt altar of Yredelemnul.
  5842 | D:7      | Reached XP level 9. HP: 55/55 MP: 9/9
  5900 | D:7      | Reached * piety under Ashenzari
  6049 | D:7      | Found a staircase to the Ecumenical Temple.
  6170 | D:7      | Reached skill level 5 in Axes
  6306 | D:7      | Found an iron altar of Okawaru.
  6308 | D:7      | Found a shattered altar of Ashenzari.
  6449 | D:7      | Found a snail-covered altar of Cheibriados.
  6450 | D:7      | Found an ornate altar of the Wu Jian Council.
  6576 | D:8      | Found a staircase to the Lair.
  6591 | D:8      | Found the +0 mask of the Dragon {MR+ Slay+3 SInv}
  6721 | D:8      | Found a hide-covered altar of Uskayaw.
  6733 | D:8      | Noticed Psyche
  6738 | D:8      | Killed Psyche
  6880 | D:8      | Reached skill level 6 in Axes
  6924 | D:8      | Noticed Erica
  6941 | D:8      | Killed Erica
  6941 | D:8      | Reached XP level 10. HP: 34/63 MP: 10/10
  6988 | D:8      | Noticed Pikel
  6997 | D:8      | Killed Pikel
  7012 | D:8      | Noticed Prince Ribbit
  7023 | D:8      | Killed Prince Ribbit
  7023 | D:8      | Reached skill level 7 in Axes
  7581 | D:9      | Noticed an unseen horror
  7605 | D:9      | Killed an unseen horror
  7605 | D:9      | Reached skill level 5 in Dodging
  7742 | D:9      | Found a sacrificial altar of Ru.
  7894 | D:9      | Reached skill level 8 in Axes
  7895 | D:9      | Reached ** piety under Ashenzari
  7901 | D:9      | Reached XP level 11. HP: 65/68 MP: 0/11
  8191 | D:9      | Noticed Grum
  8205 | D:9      | Killed Grum
  8269 | D:10     | Entered Level 10 of the Dungeon
  8281 | D:10     | Found a flagged portal.
  8301 | Bailey   | Entered a bailey
  8329 | Bailey   | Noticed an orc knight
  8351 | Bailey   | Killed an orc knight
  9011 | D:10     | Reached skill level 9 in Axes
  9017 | D:10     | Noticed Josephine
  9030 | D:10     | Killed Josephine
  9258 | D:10     | Noticed an unseen horror
  9268 | D:10     | Killed an unseen horror
  9680 | D:11     | Noticed a two-headed ogre
  9685 | D:11     | Killed a two-headed ogre
  9685 | D:11     | Reached XP level 12. HP: 76/76 MP: 12/12
  9692 | D:11     | Reached *** piety under Ashenzari
  9918 | D:11     | Noticed a two-headed ogre
  9923 | D:11     | Reached skill level 10 in Axes
  9932 | D:11     | Killed a two-headed ogre
 10485 | Lair:1   | Entered Level 1 of the Lair of Beasts
 10596 | Lair:1   | Noticed a four-headed hydra
 10604 | Lair:1   | Killed a one-headed hydra
 10610 | Lair:1   | Noticed a four-headed hydra
 10616 | Lair:1   | Killed a one-headed hydra
 10616 | Lair:1   | Reached skill level 10 in Armour
 10641 | Lair:1   | Reached skill level 10 in Shields
 10646 | Lair:1   | Reached skill level 10 in Fighting
 10983 | Lair:1   | Reached skill level 11 in Axes
 11319 | Lair:2   | Reached XP level 13. HP: 74/83 MP: 13/13
 11439 | Lair:2   | Found a hole to the Spider Nest.
 11898 | Lair:3   | Reached **** piety under Ashenzari
 11951 | Lair:3   | Found a dark tunnel.
 11966 | Lair:3   | Found a frozen archway.
 11986 | IceCv    | Entered an ice cave
 13263 | IceCv    | Noticed a reaper
 13284 | IceCv    | Killed a reaper
 13557 | IceCv    | Reached skill level 12 in Axes
 14995 | Lair:4   | Found a staircase to the Swamp.
 15648 | Lair:5   | Reached ***** piety under Ashenzari
 15820 | Lair:5   | Found a large runed translucent door.
 15820 | Lair:5   | Found a large runed translucent door.
 15823 | Lair:5   | Noticed Darubir's ghost (journeyman CeAM)
 15924 | Lair:5   | Noticed Rupert
 15934 | Lair:5   | Gained mutation: Your large and strong wings let you fly
                  | indefinitely. [Gargoyle growth]
 15934 | Lair:5   | Reached XP level 14. HP: 74/90 MP: 14/14
 15940 | Lair:5   | Mangled by Rupert

Levels and vault maps discovered:
D:1:      grunt_arrival_crossed_arrows, layout_loops_ring, minivault_5
D:2:      layout_loops_ring, fiery_altar_vehumet, first_ration,
          chequers_mini_garden, minmay_pentomino_pile
D:3:      layout_basic, grunt_dithmenos_smoke, minmay_snake_closets
D:4:      layout_loops_corners, nicolae_gozag_cash_rules_everything_around_me,
          gammafunk_ghost_split
D:5:      layout_basic, old_standard_altar, serial_shops, kennysheep_mini_moat,
          gup_ossuary_entry_pyramid, basic_altar, uniq_crazy_yiuf_cottage,
          uniq_ijyb
D:6:      layout_basic, yredelemnul_altar_generic, lemuel_crystal_altar,
          kennysheep_mini, chequers_serial_rivers_micro_e
D:7:      layout_loops_ring, nicolae_overflow_hidden_temple,
          minmay_temple_entry_mini_moons, kennysheep_minor_cross
D:8:      layout_basic, lemuel_doored_altar, lair_entry_dummy, uniq_psyche,
          uniq_pikel, uniq_prince_ribbit1, uniq_erica
D:9:      layout_basic, nicolae_ru_awakened_eye, hangedman_pestilent_swarm,
          statue_in_the_mist_lemuel, uniq_grum
D:10:     layout_basic, enter_bailey_2, uniq_josephine
D:11:     layout_cave_pools, minivault_16, serial_bayou_ford_a
Lair:1:   layout_roguey, infiniplex_staircase_pool, grunt_megastairs_2
Lair:2:   layout_big_grid, spider_nest_entry_webs, minmay_holes,
          lemuel_fruit_tree
Lair:3:   layout_cave_pods, portal_ice_cave_demonic_guard, enter_volcano_2,
          nicolae_lair_grove_arrangements
Lair:4:   layout_gridlike, skrybe_swamp_entry_bodies
Lair:5:   layout_regular_city, ebering_ghost_disaster_area, uniq_rupert

Skill      XL: |  1  2  3  4  5  6  7  8  9 10 11 12 13 |
---------------+----------------------------------------+-----
Shields        | 4 5 7 8 9 10 11 | 11.4
Dodging        | 1 2 3 4 5 6 |  6.2
Maces & Flails | 3 4 |  4.0
Armour         | 4 5 6 7 8 9 10 11 | 11.5
Fighting       | 4 5 7 8 9 10 11 | 11.4
Axes           | 1 2 4 6 8 9 11 12 | 12.5

Action                   |  1- 3 |  4- 6 |  7- 9 | 10-12 | 13-15 || total
-------------------------+-------+-------+-------+-------+-------++-------
Melee: Flail             |   176 |   118 |       |       |       ||   294
       War axe           |       |   132 |   422 |   525 |   319 ||  1398
       Scimitar          |       |       |       |    11 |    13 ||    24
Invok: Curse Item        |       |     4 |       |       |       ||     4
  Use: Scroll            |       |     1 |     9 |     5 |     5 ||    20
       Potion            |       |       |       |       |     1 ||     1
 Stab: Petrified         |       |       |       |       |     3 ||     3
       Petrifying        |       |       |       |       |     1 ||     1
  Eat: Chunk             |     2 |     9 |     7 |    11 |     5 ||    34
       Ration            |       |       |     1 |     1 |     3 ||     5
Armor: Scale mail        |    25 |       |       |       |       ||    25
       Plate armour      |   122 |   181 |   245 |   413 |    98 ||  1059
       Crystal plate arm |       |       |       |       |    90 ||    90
Dodge: Dodged            |    38 |    65 |    97 |   251 |    97 ||   548
Block: Shield            |   104 |   166 |   223 |   482 |   223 ||  1198
       Rpst.: Scimitar   |       |       |       |       |     1 ||     1
